 Dungeon Crawl Stone Soup version 0.23-a0-445-g768d57b (webtiles) character file.

7189 Dfrag the Destroyer (level 10, -3/62 (63) HPs)
             Began as a Demonspawn Fire Elementalist on Nov 17, 2018.
             Was a Believer of Makhleb.
             Shot with an arrow by a centaur (13 damage)
             ... on level 11 of the Dungeon on Nov 18, 2018.
             The game lasted 00:18:49 (9829 turns).

Dfrag the Destroyer (Demonspawn Fire Elementalist)  Turns: 9829, Time: 00:18:49

HP:   -3/62 (63)    AC:  4    Str:  8    XL:     10   Next: 87%
MP:   28/32         EV: 12    Int: 24    God:    Makhleb [**....]
Gold: 548           SH:  0    Dex: 17    Spells: 14/27 levels left

rFire    . . .     SeeInvis .   m - staff of conjuration
rCold    . . .     Gourm    .   (no shield)
rNeg     . . .     Faith    .   a - +0 robe
rPois    .         Spirit   .   O - +1 hat
rElec    .         Reflect  .   p - +0 cloak
rCorr    .         Harm     .   (no gloves)
MR       .....                  (no boots)
Stlth    +++.......             L - amulet of the acrobat
HPRegen  0.20/turn              b - ring of magical power
MPRegen  0.23/turn              D - +3 ring of intelligence

@: no status effects
A: antennae 1, thin skeletal structure 2, powered by pain 2, MP-powered wands
a: Minor Destruction, Renounce Religion


You were on level 11 of the Dungeon.
You worshipped Makhleb.
Makhleb was pleased with you.
You were hungry.

You visited 2 branches of the dungeon, and saw 12 of its levels.

You collected 548 gold pieces.

Inventory:

Hand Weapons
 M - a +4 spear
Armour
 a - a +0 robe (worn)
 p - a +0 cloak (worn)
 O - a +1 hat (worn)
Magical Staves
 m - an uncursed staff of conjuration (weapon)
Jewellery
 b - a ring of magical power (left hand)
 j - an uncursed ring of magical power
 D - a +3 ring of intelligence (right hand)
 L - an amulet of the acrobat (around neck)
Wands
 v - a wand of acid (15)
 w - a wand of disintegration (26)
 z - a wand of paralysis (3)
 I - a wand of random effects (16)
 K - a wand of flame (15)
 N - a wand of digging (6)
Scrolls
 e - 3 scrolls of enchant weapon
 f - 2 scrolls of immolation
 i - 4 scrolls of teleportation
 k - 2 scrolls of amnesia {unknown}
 l - 3 scrolls of remove curse
 o - 2 scrolls of random uselessness {unknown}
 t - a scroll of holy word {unknown}
 y - 2 scrolls of magic mapping
 A - a scroll of fog {unknown}
 C - 2 scrolls of enchant armour {unknown}
 F - 6 scrolls of noise {unknown}
 J - 2 scrolls of blinking
Potions
 d - a potion of mutation
 g - a potion of agility {unknown}
 h - 2 potions of brilliance
 n - 2 potions of magic {unknown}
 q - 2 potions of might
 r - 6 potions of curing
 s - a potion of haste
 u - a potion of flight {unknown}
 x - a potion of invisibility {unknown}
 B - 2 potions of degeneration {unknown}
 G - a potion of ambrosia
 H - a potion of lignification {unknown}
Comestibles
 c - 17 rations


   Skills:
 - Level 1.7 Dodging
 - Level 1.7 Stealth
 + Level 9.2 Spellcasting
 + Level 9.7 Conjurations
 + Level 9.4 Fire Magic


You had 14 spell levels left.
You knew the following spells:

 Your Spells              Type           Power        Failure   Level  Hunger
a - Flame Tongue          Conj/Fire      #####        1%          1    None
b - Conjure Flame         Conj/Fire      ######..     1%          3    None
c - Sticky Flame          Conj/Fire      ######..     1%          4    ##.....
d - Fireball              Conj/Fire      ######....   3%          5    ####...

Your spell library contained the following spells:

 Spells                   Type           Power        Failure   Level  Hunger
 Throw Flame              Conj/Fire      ######       1%          2    None
 Inner Flame              Hex/Fire       ####....     2%          3    None
 Beastly Appendage        Tmut           ##....       6%          1    None
 Sticks to Snakes         Tmut           ##......     9%          2    None
 Spider Form              Tmut/Pois      ##........   17%         3    None
 Ice Form                 Ice/Tmut       ##......     50%         4    ##.....
 Blade Hands              Tmut           ##........   85%         5    ####...


Dungeon Overview and Level Annotations

Branches:
Dungeon (11/15)            Temple (1/1) D:5            Lair (0/6) D:8
    Orc (0/2) D:9

Altars:
Ashenzari
Cheibriados
Dithmenos
Elyvilon
Fedhas
Gozag
Hepliaklqana
Kikubaaqudgha
Makhleb
Nemelex Xobeh
Okawaru
Qazlal
Ru
Sif Muna
Trog
Uskayaw
Vehumet
Wu Jian
Xom
Yredelemnul
Zin
The Shining One

Shops:
D:9 (   D:10 =


Innate Abilities, Weirdness & Mutations

You have a pair of small antennae on your head.
You have a moderately thin skeletal structure. (Dex +4, Stealth+)
You sometimes gain power by taking damage.
You expend magic power (3 MP) to strengthen your wands.


Message History

You focus on the pain.
You feel your power returning.
The centaur shoots an arrow.
The arrow hits you!
* * * LOW HITPOINT WARNING * * *
Unknown command.
Unknown command.
Unknown command.
Casting: Fireball (safe; 3% risk of failure)
Confirm with . or Enter, or press ? or * to list all spells.
Aiming: Fireball (safe; 3% risk of failure)
Press: ? - help, Shift-Dir - straight line, f - centaur
Aim: a centaur, wielding a +0 shortbow (severely wounded)
You feel a surge of power!
The fireball explodes!
The fireball engulfs the centaur.
You kill the centaur!
Makhleb accepts your kill.
You can now harness Makhleb's destructive might.
The fireball engulfs the centaur.
The centaur is severely wounded.
The centaur shoots an arrow.
The arrow hits you!
You die...

#.# ..#.#.#
#.#t#.# #.#.#.#
#.#$#.#
.c.#.####.##
######))#........
.......)#.##
#@#.<# #(...#
##...# #...#
#.>.# .....
###.### #.. ..


You could see a crocodile and a centaur.

Vanquished Creatures
  Eustachio (D:5)
  A basilisk (D:10)
  A wyvern (D:9)
  Grum (D:10)
  9 yaks (D:10)
  A warg (D:9)
  2 water moccasins
  Duvessa (D:4)
  An ice beast (D:7)
  2 sky beasts
  2 black bears
  5 orc warriors
  3 phantoms
  A hornet zombie (D:9)
  2 eyes of draining
  An ogre (D:10)
  2 necrophages
  2 wolves (D:10)
  6 centaurs
  A big kobold (D:9)
  4 bullfrogs
  5 scorpions
  Dowan (D:4)
  5 killer bees
  5 howler monkeys
  5 wights (D:8)
  2 crimson imps
  A bullfrog zombie (D:10)
  A quasit (D:6)
  5 hounds
  A jelly (D:7)
  4 orc priests
  11 orc wizards
  2 centaur skeletons
  Natasha (thrice) (D:2)
  4 worker ants
  A killer bee zombie (D:8)
  2 hound skeletons
  A howler monkey skeleton (D:9)
  3 gnolls (D:6)
  14 adders
  A shadow imp (D:9)
  2 oozes
  2 worms
  5 leopard geckos
  35 orcs
  A ball python (D:1)
  3 bats
  6 giant cockroaches
  8 goblins
  10 hobgoblins
  7 jackals
  5 quokkas
  6 frilled lizards
  A giant cockroach zombie (D:5)
  A jackal skeleton (D:4)
  12 kobolds
  7 rats
237 creatures vanquished.

Notes
Turn   | Place    | Note
-------+----------+-------------------------------------------
     0 | D:1      | Dfrag the Demonspawn Fire Elementalist began the quest for
                  | the Orb.
     0 | D:1      | Reached XP level 1. HP: 13/13 MP: 3/3
   259 | D:1      | Gained mutation: You have a somewhat thin skeletal
                  | structure. (Dex +2, Stealth) [demonic ancestry]
   259 | D:1      | Reached XP level 2. HP: 19/19 MP: 5/5
   608 | D:1      | Reached XP level 3. HP: 24/24 MP: 6/6
   897 | D:2      | Found a basalt altar of Yredelemnul.
   920 | D:2      | Noticed a sky beast
  1196 | D:3      | Learned a level 3 spell: Conjure Flame
  1299 | D:3      | Found a stormy altar of Qazlal.
  1799 | D:2      | Noticed Natasha
  1800 | D:2      | Reached XP level 4. HP: 30/30 MP: 8/8
  1819 | D:2      | Killed Natasha
  1825 | D:2      | Learned a level 4 spell: Sticky Flame
  1996 | D:2      | Noticed Natasha
  2003 | D:2      | Killed Natasha
  2076 | D:2      | Found a shimmering altar of Xom.
  2183 | D:2      | Reached XP level 5. HP: 12/35 MP: 9/9
  2210 | D:2      | Noticed Natasha
  2495 | D:2      | Killed Natasha
  2536 | D:2      | Killed a sky beast
  2666 | D:2      | Found a sparkling altar of Nemelex Xobeh.
  2759 | D:4      | Noticed a phantom
  2774 | D:4      | Killed a phantom
  2774 | D:4      | Gained mutation: You sometimes gain a little power by
                  | taking damage. [demonic ancestry]
  2774 | D:4      | Reached XP level 6. HP: 29/41 MP: 10/11
  3345 | D:4      | Gained mutation: You have a pair of small antennae on your
                  | head. [demonic ancestry]
  3345 | D:4      | Reached XP level 7. HP: 5/46 MP: 13/13
  3490 | D:4      | Noticed Duvessa
  3490 | D:4      | Noticed Dowan
  3511 | D:4      | Killed Dowan
  3512 | D:4      | Killed Duvessa
  3512 | D:4      | Reached skill level 5 in Fire Magic
  3935 | D:5      | Entered Level 5 of the Dungeon
  4020 | D:5      | Reached skill level 5 in Spellcasting
  4051 | D:5      | Reached skill level 5 in Conjurations
  4319 | D:5      | Found a staircase to the Ecumenical Temple.
  4358 | Temple   | Entered the Ecumenical Temple
  4420 | D:5      | Reached XP level 8. HP: 52/52 MP: 15/15
  4780 | D:6      | Noticed Eustachio
  4799 | D:5      | Killed Eustachio
  5247 | D:6      | Found a sacrificial altar of Ru.
  5474 | D:6      | Found a bloodstained altar of Trog.
  5585 | D:6      | Reached XP level 9. HP: 30/57 MP: 18/18
  5976 | D:7      | Gained mutation: You are frail. (-10% HP) [potion of
                  | mutation]
  5976 | D:7      | Gained mutation: Scrolls take you a little longer to read.
                  | [potion of mutation]
  5976 | D:7      | Gained mutation: Your flesh is cold resistant. (rC+)
                  | [potion of mutation]
  5977 | D:7      | Lost mutation: You are frail. (-10% HP) [potion of
                  | mutation]
  5977 | D:7      | Lost mutation: Scrolls take you a little longer to read.
                  | [potion of mutation]
  5977 | D:7      | Lost mutation: Your flesh is cold resistant. (rC+) [potion
                  | of mutation]
  5977 | D:7      | Gained mutation: You expend magic power (3 MP) to
                  | strengthen your wands. [potion of mutation]
  5977 | D:7      | Gained mutation: You have a moderately thin skeletal
                  | structure. (Dex +4, Stealth+) [potion of mutation]
  6650 | D:8      | Noticed a death yak
  6650 | D:8      | Noticed a death yak
  6650 | D:8      | Noticed a death yak
  7056 | D:8      | Found a hazy altar of Hepliaklqana.
  7200 | D:8      | Found a staircase to the Lair.
  7765 | D:8      | Found a burning altar of Makhleb.
  7782 | D:8      | Became a worshipper of Makhleb the Destroyer
  7793 | D:8      | Learned a level 5 spell: Fireball
  7845 | D:8      | Found a glowing golden altar of the Shining One.
  7845 | D:8      | Found a bloodstained altar of Trog.
  7925 | D:9      | Found a shattered altar of Ashenzari.
  7974 | D:9      | Gained mutation: You sometimes gain power by taking damage.
                  | [demonic ancestry]
  7974 | D:9      | Reached XP level 10. HP: 62/62 MP: 21/21
  8579 | D:9      | Found Cittipti's Weapon Emporium.
  8867 | D:9      | Reached * piety under Makhleb
  8995 | D:9      | Found a staircase to the Orcish Mines.
  9044 | D:10     | Entered Level 10 of the Dungeon
  9269 | D:10     | Found Zokigrio's Jewellery Boutique.
  9437 | D:10     | Noticed Grum
  9446 | D:10     | Killed Grum
  9829 | D:11     | Reached ** piety under Makhleb
  9829 | D:11     | Shot with an arrow by a centaur

Vault maps used:
D:1:      ncdulo_smallfort
D:2:      nemelex_altar_shiori, yredelemnul_altar_generic, xom_butterflies,
          uniq_natasha
D:3:      first_ration, st_stairs_3, nicolae_qazlal_general_emergency
D:4:      uniq_duvessa
D:5:      minmay_temple_entry_sparse_star, due_unseen_surprise
D:6:      lemuel_coloured_pillars_altar, trog_three_pillars_becter,
          uniq_eustachio
D:8:      makhleb_blood_cavern_becter, gammafunk_temple_overflow_wave,
          old_standard_altar, dpeg_lair_monsters
D:9:      cheibrodos_ashenzari_chains, david_orc_3, serial_shops, shop_statue,
          david_nohive_1
D:10:     serial_rivers, chequers_serial_rivers_micro_b,
          chequers_serial_rivers_small_b, chequers_serial_rivers_micro_c,
          chequers_serial_rivers_small_3, serial_shops, shop_coins, uniq_grum
D:11:     serial_shops, shop_statue, basic_altar, minmay_guarded_unrand_finisher
Temple:   nicolae_temple_god_jail

Skill      XL: |  1  2  3  4  5  6  7  8  9 10 |
---------------+-------------------------------+-----
Fire Magic     | 3 4 5 6 8 9 |  9.4
Conjurations   | 2 3 4 5 6 8 9 |  9.7
Spellcasting   | 3 4 5 6 7 9 |  9.2
Dodging        | |  1.7
Stealth        | |  1.7

Action                   |  1- 3 |  4- 6 |  7- 9 | 10-12 || total
-------------------------+-------+-------+-------+-------++-------
Melee: Unarmed           |     4 |       |       |       ||     4
       Dagger            |     6 |     1 |    31 |       ||    38
       Flail             |       |       |    25 |       ||    25
       Spear             |       |       |    34 |       ||    34
       Staff             |       |       |     4 |    22 ||    26
 Cast: Flame Tongue      |    80 |    76 |   197 |    56 ||   409
       Sticky Flame      |       |     5 |    64 |    21 ||    90
       Conjure Flame     |       |       |     1 |       ||     1
       Fireball          |       |       |       |    16 ||    16
Evoke: Wand              |       |       |     6 |     1 ||     7
  Use: Potion            |       |       |     5 |       ||     5
       Scroll            |       |       |     7 |     4 ||    11
 Stab: Paralysed         |       |       |     3 |       ||     3
       Sleeping          |       |       |     1 |       ||     1
  Eat: Chunk             |     3 |     4 |    23 |     9 ||    39
Armor: Robe              |     8 |    15 |    39 |     4 ||    66
Dodge: Dodged            |    30 |    18 |    96 |    63 ||   207

Table legend:
 A = Non-vault XP
 B = Vault XP
 C = Vault XP percentage of total XP
 D = Non-vault monster count
 E = Vault monster count
 F = Vault count percentage of total count
                 A         B        C        D         E       F
            +---------+---------+-------+---------+---------+-------
      Total |    8861 |    1410 |  13.7 |     218 |      19 |   8.0
            +---------+---------+-------+---------+---------+-------
        D:1 |      43 |       0 |   0.0 |      26 |       0 |   0.0
        D:2 |     263 |      35 |  11.7 |      23 |       1 |   4.2
        D:3 |      19 |      17 |  47.2 |      10 |       3 |  23.1
        D:4 |     605 |     218 |  26.5 |      16 |       2 |  11.1
        D:5 |     283 |     203 |  41.8 |       9 |       1 |  10.0
        D:6 |    1121 |       0 |   0.0 |      31 |       0 |   0.0
        D:7 |     745 |       0 |   0.0 |      18 |       0 |   0.0
        D:8 |    1801 |     143 |   7.4 |      37 |       2 |   5.1
        D:9 |    1038 |     369 |  26.2 |      22 |       7 |  24.1
       D:10 |    2598 |     425 |  14.1 |      23 |       3 |  11.5
       D:11 |     345 |       0 |   0.0 |       3 |       0 |   0.0
            +---------+---------+-------+---------+---------+-------
